 Dungeon Crawl Stone Soup version 0.27-a0-1242-ge70438ac7b (webtiles) character file.

Game seed: 15233818592921212904

5 Ijustatesigmund the Skirmisher (level 1, 18/18 HPs)
             Began as a Demonspawn Fighter on June 9, 2021.
             Quit the game on level 1 of the Dungeon.
             The game lasted 00:00:35 (275 turns).

Ijustatesigmund the Skirmisher (Demonspawn Fighter)  Turns: 275, Time: 00:00:36

Health: 18/18      AC:  6    Str: 16    XL:     1   Next: 66%
Magic:  1/1        EV:  6    Int:  9    God:
Gold:   0          SH:  8    Dex: 12    Spells: 0/0 levels left

rFire    . . .     SeeInvis .   a - +0 war axe
rCold    . . .     Faith    .   c - +0 kite shield
rNeg     . . .     Spirit   .   b - +0 scale mail
rPois    .         Reflect  .   (no helmet)
rElec    .         Harm     .   (no cloak)
rCorr    .         Rampage  .   (no gloves)
Will     +....                  (no boots)
Stlth    ..........             (no amulet)
HPRegen  0.06/turn              (no ring)
MPRegen  0.07/turn              (no ring)

@: no status effects
A: strong-willed 1, screaming 1, inhibited regeneration, MP-powered wands
a: no special abilities


You were on level 1 of the Dungeon.
You visited 1 branch of the dungeon, and saw 1 of its levels.

Inventory:

Hand Weapons
 a - a +0 war axe (weapon)
Armour
 b - a +0 scale mail (worn)
 c - a +0 kite shield (worn)
Potions
 d - a potion of might


   Skills:
 + Level 3.1 Fighting
 * Level 2.1 Axes
 - Level 2.6 Armour
 - Level 2.6 Shields


You couldn't memorise any spells.
You didn't know any spells.
Your spell library was empty.

Dungeon Overview and Level Annotations

Branches:
Dungeon (1/15)

Altars:


Innate Abilities, Weirdness & Mutations

You are strong-willed. (Will+)
You occasionally shout uncontrollably at your foes.
You do not regenerate when monsters are visible.
You expend magic power (3 MP) to strengthen your wands.


Message History

No target in view!
No target in view!
No target in view!
No target in view!
No target in view!
No target in view!
No target in view!
No target in view!
No target in view!
No target in view!
No target in view!
No target in view!
An endoplasm comes into view.
The endoplasm quivers.
Found a scroll labelled MEOTISTREYR.
The endoplasm barely misses you.
You slash the endoplasm!
You kill the endoplasm!
No target in view!
No target in view!
No target in view!
No target in view!
No target in view!
No target in view!
No target in view!
f - a scroll labelled MEOTISTREYR
Found a hand axe.
As you read the scroll labelled MEOTISTREYR, it crumbles to dust.
It is a scroll of identify.
e - 2 potions of mutation Really quaff the potion of mutation?
You feel extremely strange.
You feel the urge to shout.
You feel your magical essence link to the dungeon's wands.
You feel resistant to heat.
Really quaff the potion of mutation?
You feel extremely strange.
You no longer feel heat resistant.
Your regeneration stops near monsters.
You feel strong-willed.
Are you sure you want to abandon this character and quit the game? (Confirm with "yes".)

#.#.#♣♣.....
#.....)#.#.......<.
#.....##.#.#♣♣....[
#.....##.#.#≈..P...
.....+....#≈.PPP.P
.....##.#.#≈..P...
#.......#.#≈≈≈≈♣≈♣
#.........######.#
#@..(....)...# ...
#.#........#.# ..
#............# ##.
###.####)....# #.>
####.####.....# #..
#...........#.# ..
##.#.####.#.#.####.
#.#....#.#.#......
#.#..#.#.#.###....


There were no monsters in sight!

Vanquished Creatures
  2 endoplasms (D:1)
  A bat (D:1)
  2 kobolds (D:1)
  A rat (D:1)
6 creatures vanquished.

Vanquished Creatures (others)
  5 toadstools (D:1)
5 creatures vanquished.

Grand Total: 11 creatures vanquished

Notes
Turn   | Place    | Note
-------+----------+-------------------------------------------
     0 | D:1      | Ijustatesigmund the Demonspawn Fighter began the quest for
                  | the Orb.
     0 | D:1      | Reached XP level 1. HP: 18/18 MP: 1/1
   273 | D:1      | Gained mutation: You occasionally shout uncontrollably at
                  | your foes. [potion of mutation]
   273 | D:1      | Gained mutation: You expend magic power (3 MP) to
                  | strengthen your wands. [potion of mutation]
   273 | D:1      | Gained mutation: Your flesh is heat resistant. (rF+)
                  | [potion of mutation]
   274 | D:1      | Lost mutation: Your flesh is heat resistant. (rF+) [potion
                  | of mutation]
   274 | D:1      | Gained mutation: You do not regenerate when monsters are
                  | visible. [potion of mutation]
   274 | D:1      | Gained mutation: You are strong-willed. (Will+) [potion of
                  | mutation]
   275 | D:1      | Quit the game

Illustrated notes

Levels and vault maps discovered:
D:1:      ldierk_walled_garden, layout_basic, serial_shops, shop

Skill      XL: |  1 |
---------------+----+-----
Axes           | 2 |  2.1
Fighting       | |  3.1
Armour         | |  2.6
Shields        | |  2.6

Action                   || total
-------------------------++-------
Melee: War axe           ||    11
  Use: Potion            ||     2
       Scroll            ||     1
Armor: Scale mail        ||     3
Dodge: Dodged            ||     5
Block: Kite shield       ||     7

Table legend: (Time is in decaauts)
 A = Elapsed time spent in this place.
 B = Non-inter-level travel time spent in this place.
 C = Inter-level travel time spent in this place.
 D = Time resting spent in this place.
 E = Time spent auto-exploring this place.
 F = Levels seen in this place.
 G = Mean time per level.
                   A        B        C        D        E       F      G
               +--------+--------+--------+--------+--------+-----+--------+
         Total |    282 |    282 |      0 |      0 |    244 |   1 |  282.0 |
       Dungeon |    282 |    282 |      0 |      0 |    244 |   1 |  282.0 |
               +--------+--------+--------+--------+--------+-----+--------+

Top non-repeatable levels by time:
     D:1: 282 daAuts
